 Dungeon Crawl Stone Soup version 0.31-a0-175-g9f7f995f2b (webtiles) character file.

Game seed: 6321108882415630572

20223 qw the Marksgargoyle (level 12, -1/80 HPs)
             Began as a Gargoyle Hunter on June 17, 2023.
             Was a Believer of Okawaru.
             Slain by a hell rat (7 damage)
             ... on level 2 of the Lair of Beasts.
             The game lasted 00:06:40 (13858 turns).

qw the Marksgargoyle (Gargoyle Hunter)             Turns: 13858, Time: 00:06:41

Health: -1/80      AC: 17    Str: 15    XL:     12   Next: 77%
Magic:  14/15      EV: 18    Int: 11    God:    Okawaru [**....]
Gold:   370        SH:  0    Dex: 17    Spells: 11/11 levels left

rFire   + . .        n - +1 orcbow
rCold   + . .        (shield currently unavailable)
rNeg    + . .        q - +0 troll leather armour
rPois   inf          (no helmet)
rElec   +            j - +2 cloak
rCorr   .            (no gloves)
SInv    .            (no boots)
Will    .....        (no amulet)
Stlth   +++          s - ring of protection from fire
HPRegen 1.13/turn    c - ring of protection from cold
MPRegen 0.14/turn

%: no passive effects
@: about to teleport, heroic
A: sickness immunity, AC +8, negative energy resistance 1, electricity
resistance, torment resistance 1, petrification resistance
a: Renounce Religion, Heroism


You were on level 2 of the Lair of Beasts.
You worshipped Okawaru.
Okawaru was pleased with you.
You visited 3 branches of the dungeon, and saw 14 of its levels.
You also visited: Ossuary.

You collected 876 gold pieces.
You spent 506 gold pieces at shops.


Innate Abilities, Weirdness & Mutations

You are immune to sickness and miasma.
Your stone body is resilient. (AC +8)
You are immune to poison.
You resist negative energy. (rN+)
You are resistant to electric shocks. (rElec)
You are resistant to unholy torment.
You are immune to petrification.


   Skills:
 + Level 11.5(16.5) Fighting
 - Level 16.0(21.0) Ranged Weapons
 - Level 4.0(9.0) Armour
 - Level 6.0(11.0) Dodging
 - Level 1.1(6.1) Stealth
 - Level 4.6 Invocations


You had 11 spell levels left.
You didn't know any spells.
Your spell library was empty.

Inventory:

Hand Weapons
 n - a +1 orcbow (weapon)
Armour
 e - +0 acid dragon scales
 j - a +2 cloak (worn)
 q - a +0 troll leather armour (worn)
 r - a +2 ring mail of fire resistance
Jewellery
 c - a ring of protection from cold (right hand)
 i - a ring of fire
 m - a ring of positive energy
 s - a ring of protection from fire (left hand)
 Y - a +6 ring of strength
Wands
 t - a wand of digging (3)
Scrolls
 f - 2 scrolls of identify
 l - 3 scrolls of teleportation
 o - 3 scrolls of enchant armour
Potions
 a - 3 potions of curing
 b - a potion of heal wounds
 d - 5 potions of enlightenment
 g - 4 potions of magic
 h - 5 potions of haste
 k - a potion of resistance
 p - a potion of attraction

Dungeon Overview and Level Annotations

Branches:
Dungeon (11/15)            Temple (1/1) D:4            Lair (2/5) D:11
    Orc (0/2) D:9         Ossuary (visited)
  Swamp: Lair:2-3    Shoals: Lair:2-3     Snake: Lair:2-3    Spider: Lair:2-3

Altars:
Ashenzari
Cheibriados
Dithmenos
Elyvilon
Fedhas
Gozag
Hepliaklqana
Kikubaaqudgha
Makhleb
Nemelex Xobeh
Okawaru
Qazlal
Ru
Sif Muna
Trog
Uskayaw
Vehumet
Wu Jian
Xom
Yredelemnul
Zin
The Shining One

Shops:
D:10 *

Annotations:
Lair:2 2 transporters


Message History

The yak is heavily wounded.
A rime drake comes into view.
The hell rat misses you. The hell rat closely misses you.
The wolf bites you but does no damage. The hell rat bites you.
You shoot an arrow. The arrow closely misses the yak.
The yak completely misses you. The wolf completely misses you.
The hell rat bites you. The hell rat misses you.
You shoot an arrow.
The arrow hits the yak but does no damage.
The yak is heavily wounded.
The hell rat bites you but does no damage.
The wolf completely misses you. The yak closely misses you.
The hell rat bites you.
A cane toad comes into view.
You shoot an arrow. The cane toad gives a loud, deep croak!
The arrow hits the yak!!
The yak is almost dead.
The hell rat closely misses you. The wolf completely misses you.
The hell rat misses you. The hell rat completely misses you.
The yak barely misses you.
You shoot an arrow. The arrow barely misses the yak.
The wolf bites you but does no damage. The hell rat bites you.
The hell rat closely misses you.
The hell rat bites you but does no damage.
The wolf closely misses you.
You shoot an arrow.
The arrow hits the yak but does no damage.
The yak is almost dead.
The hell rat barely misses you. The yak misses you.
The hell rat barely misses you. The wolf bites you.
You shoot an arrow. The arrow barely misses the yak.
The hell rat bites you! The wolf bites you. The hell rat barely misses you.
The yak closely misses you. The hell rat completely misses you.
13858 ||| READING 4 scrolls of teleportation.
As you read the scroll of teleportation, it crumbles to dust.
You feel strangely unstable. The wolf bites you but does no damage.
The hell rat closely misses you. The hell rat bites you!
You die...

.<...##.#..###..)#
..................
....................
....................
!...F...............
.....kFh...........#
#...hrrY..........#
#..hh@...........#
#...r###.........+
#.....#8#.........#
##..###~###........
#... #^# #.......#
#.. ... #.......# ##
#.# #.......# #.#.#
#.......# #.#.#
#........


You could see a yak, a cane toad, a rime drake, 4 wolves, a bullfrog and 3 hell
rats.

Vanquished Creatures
  A hydra (Lair:2)
  A catoblepas (Lair:2)
  2 two-headed ogres
  Amaemon (Lair:1)
  An ugly thing (D:11)
  2 manticores
  3 cyclopes
  An elephant (D:11)
  4 cane toads (Lair:1)
  An orange demon (Lair:1)
  A gargoyle (D:11)
  4 komodo dragons
  Psyche (D:8)
  An unseen horror (D:10)
  3 polar bears (D:8)
  4 trolls
  Grinder (D:4)
  A hornet (D:9)
  20 yaks
  3 wraiths
  5 wyverns
  An unseen horror simulacrum (D:8)
  A basilisk (Lair:2)
  2 acid dragons
  2 water moccasins (Lair:1)
  3 orc warriors
  4 black bears
  An ogre (D:6)
  3 centaurs
  7 wolves
  A phantom (D:5)
  A kobold brigand (D:8)
  5 bullfrogs
  4 elf zombies (Ossuary)
  A gnoll sergeant (D:8)
  2 scorpions
  7 wights (D:9)
  13 killer bees
  An electric eel (D:9)
  4 howler monkeys
  5 hounds
  4 human zombies (Ossuary)
  6 orc priests
  2 jellies
  Jessica (D:1)
  2 gnoll boudas
  3 iguanas
  Ijyb (D:3)
  6 orc wizards
  2 sleepcaps
  3 hell rats (Lair:2)
  3 mummies (Ossuary)
  2 adders
  18 gnolls
  3 white imps (D:8)
  6 ufetubi
  6 adder zombies (Ossuary)
  3 worms
  2 dart slugs (D:2)
  36 orcs
  9 ball pythons
  7 bats
  7 endoplasms
  3 giant cockroaches
  2 gnoll zombies (Ossuary)
  10 goblins
  5 hobgoblins
  5 jackals
  12 kobolds
  A quokka (D:1)
  2 frilled lizards (D:3)
  3 goblin zombies (Ossuary)
  6 hobgoblin zombies (Ossuary)
  4 jackal zombies (Ossuary)
  A kobold zombie (Ossuary)
  6 quokka zombies
  7 rats
  3 rat zombies
331 creatures vanquished.

Notes
Turn   | Place    | Note
-------+----------+-------------------------------------------
     0 | D:1      | qw the Gargoyle Hunter began the quest for the Orb.
     0 | D:1      | Reached XP level 1. HP: 12/12 MP: 1/1
     0 | D:1      | 0 ||| qw: Version: 0.3-a-2-g5ab2908
     0 | D:1      | 0 ||| qw: Game counter: 342
     0 | D:1      | 0 ||| qw: Always use a shield: true
     0 | D:1      | 0 ||| qw: God list: Okawaru
     0 | D:1      | 0 ||| qw: Allow faded altars: false
     0 | D:1      | 0 ||| qw: Do Orc after D:15 true
     0 | D:1      | 0 ||| qw: Do second Lair branch before Depths: true
     0 | D:1      | 0 ||| qw: Lair rune preference: random
     0 | D:1      | 0 ||| qw: Plans: Normal, Zot:1-4, Slime:5, God:TSO, Crypt,
                  | Tomb, Abyss, Pan, Hells, Win
     0 | D:1      | 0 ||| PLANNING D:1-11
   152 | D:1      | Reached XP level 2. HP: 17/17 MP: 2/2
   413 | D:1      | Reached XP level 3. HP: 21/21 MP: 3/3
   625 | D:1      | Reached skill level 5 in Ranged Weapons
   634 | D:1      | 634 ||| READING scroll labelled QUKHLO TEM BAS.
   635 | D:1      | 635 ||| READING scroll labelled OSSELA ZORIJ.
   639 | D:1      | 639 ||| DROPPING scroll of butterflies.
   651 | D:2      | Noticed Jessica
   654 | D:2      | 654 ||| STAIRDANCE
   658 | D:1      | Killed Jessica
   659 | D:1      | Reached skill level 3 in Fighting
   741 | D:2      | Reached XP level 4. HP: 28/28 MP: 4/4
  1091 | D:2      | You fall into a shaft and drop 2 floors!
  1099 | D:4      | 1099 ||| UPGRADING to +0 ring mail.
  1109 | D:4      | 1109 ||| DROPPING +0 leather armour.
  1110 | D:4      | 1110 ||| READING scroll labelled FEINOI WIMA.
  1184 | D:3      | 1184 ||| READING scroll labelled DES EPRUDA.
  1185 | D:3      | 1185 ||| READING scroll labelled IPHUWURIAS.
  1186 | D:3      | 1186 ||| READING scroll labelled UWAOLE NAYFF.
  1187 | D:3      | 1187 ||| READING 3 scrolls of identify.
  1187 | D:3      | 1187 ||| IDENTIFYING dark potion
  1188 | D:3      | 1188 ||| READING 2 scrolls of identify.
  1188 | D:3      | 1188 ||| IDENTIFYING grey potion
  1190 | D:3      | 1190 ||| FLEEEEING.
  1191 | D:3      | 1191 ||| FLEEEEING.
  1192 | D:3      | 1192 ||| STAIRDANCE
  1257 | D:2      | Found a faded altar of an unknown god.
  1495 | D:2      | Reached skill level 1 in Armour
  1738 | D:3      | Noticed Ijyb
  1740 | D:3      | HP: 6/28 [Ijyb/iceblast (9)]
  1746 | D:3      | HP: 4/28 [goblin/+0 club (2)]
  1754 | D:3      | Killed Ijyb
  1754 | D:3      | HP: 2/28 [goblin/+0 dagger (2)]
  1755 | D:3      | Reached XP level 5. HP: 3/32 MP: 5/5
  2375 | D:3      | HP: 8/32 [orc priest/divine providence (8)]
  2376 | D:3      | 2376 ||| READING scroll of teleportation.
  2379 | D:3      | Reached skill level 6 in Ranged Weapons
  2595 | D:3      | 2595 ||| READING scroll labelled AFROHU EDISA.
  2596 | D:3      | 2596 ||| DRINKING 2 red potions.
  2691 | D:4      | Reached XP level 6. HP: 29/39 MP: 6/6
  2932 | D:4      | 2932 ||| SWAPPING to +0 orcbow.
  2933 | D:4      | 2933 ||| DROPPING +0 shortbow.
  3227 | D:4      | Found a staircase to the Ecumenical Temple.
  3228 | D:4      | 3228 ||| PLANNING TEMPLE
  3228 | D:4      | 3228 ||| UPGRADING to ring of positive energy.
  3229 | D:4      | 3229 ||| READING scroll labelled BIMEZU SITAMIET.
  3230 | D:4      | 3230 ||| READING scroll labelled XUC OMMOHAFITO.
  3237 | Temple   | Entered the Ecumenical Temple
  3397 | Temple   | 3397 ||| PLANNING OKAWARU WORSHIP
  3527 | Temple   | Became a worshipper of Warmaster Okawaru
  3528 | Temple   | 3528 ||| PLANNING D:1-11
  3837 | D:4      | 3837 ||| UPGRADING to ring of protection from cold.
  3877 | D:5      | Entered Level 5 of the Dungeon
  3877 | D:5      | Noticed Grinder
  3888 | D:5      | 3888 ||| STAIRDANCE
  3899 | D:4      | Paralysed by Grinder for 3 turns
  3910 | D:4      | Killed Grinder
  3911 | D:4      | Reached skill level 7 in Ranged Weapons
  3911 | D:4      | Reached XP level 7. HP: 23/44 MP: 7/7
  4109 | D:5      | Identified the +5 whip "Eceub Dupy" {venom, rF+}
  4167 | D:5      | Reached * piety under Okawaru
  4168 | D:5      | Reached skill level 8 in Ranged Weapons
  4222 | D:5      | Reached skill level 1 in Invocations
  4288 | D:5      | 4288 ||| INVOKING Heroism.
  4360 | D:5      | 4360 ||| INVOKING Heroism.
  4448 | D:5      | Reached XP level 8. HP: 17/49 MP: 9/9
  4448 | D:5      | 4448 ||| INVOKING Heroism.
  4448 | D:5      | HP: 11/49 [worm (6)]
  4453 | D:5      | HP: 11/49 [gnoll/+0 spear[a gnoll bouda] (1)]
  4458 | D:5      | 4458 ||| FLEEEEING.
  4459 | D:5      | 4459 ||| FLEEEEING.
  4460 | D:5      | 4460 ||| FLEEEEING.
  4461 | D:5      | 4461 ||| FLEEEEING.
  4462 | D:5      | 4462 ||| FLEEEEING.
  4463 | D:5      | 4463 ||| FLEEEEING.
  4464 | D:5      | 4464 ||| FLEEEEING.
  4465 | D:5      | 4465 ||| FLEEEEING.
  4466 | D:5      | 4466 ||| FLEEEEING.
  4467 | D:5      | 4467 ||| FLEEEEING.
  4468 | D:5      | 4468 ||| FLEEEEING.
  4469 | D:5      | 4469 ||| FLEEEEING.
  4470 | D:5      | 4470 ||| FLEEEEING.
  4471 | D:5      | 4471 ||| FLEEEEING.
  4472 | D:5      | 4472 ||| FLEEEEING.
  4473 | D:5      | 4473 ||| FLEEEEING.
  4474 | D:5      | 4474 ||| FLEEEEING.
  4475 | D:5      | 4475 ||| FLEEEEING.
  4477 | D:5      | 4477 ||| FLEEEEING.
  4478 | D:5      | 4478 ||| FLEEEEING.
  4479 | D:5      | 4479 ||| FLEEEEING.
  4480 | D:5      | 4480 ||| FLEEEEING.
  4481 | D:5      | 4481 ||| FLEEEEING.
  4482 | D:5      | 4482 ||| FLEEEEING.
  4483 | D:5      | 4483 ||| FLEEEEING.
  4484 | D:5      | 4484 ||| FLEEEEING.
  4485 | D:5      | 4485 ||| FLEEEEING.
  4486 | D:5      | 4486 ||| FLEEEEING.
  4487 | D:5      | 4487 ||| FLEEEEING.
  4488 | D:5      | 4488 ||| FLEEEEING.
  4489 | D:5      | 4489 ||| FLEEEEING.
  4490 | D:5      | 4490 ||| FLEEEEING.
  4491 | D:5      | 4491 ||| FLEEEEING.
  4492 | D:5      | 4492 ||| FLEEEEING.
  4493 | D:5      | 4493 ||| FLEEEEING.
  4494 | D:5      | 4494 ||| FLEEEEING.
  4495 | D:5      | 4495 ||| FLEEEEING.
  4496 | D:5      | 4496 ||| FLEEEEING.
  4497 | D:5      | 4497 ||| FLEEEEING.
  4498 | D:5      | 4498 ||| FLEEEEING.
  4499 | D:5      | 4499 ||| FLEEEEING.
  4500 | D:5      | 4500 ||| FLEEEEING.
  4501 | D:5      | 4501 ||| FLEEEEING.
  4502 | D:5      | 4502 ||| FLEEEEING.
  4503 | D:5      | 4503 ||| FLEEEEING.
  4504 | D:5      | 4504 ||| FLEEEEING.
  4505 | D:5      | 4505 ||| FLEEEEING.
  4506 | D:5      | 4506 ||| FLEEEEING.
  4507 | D:5      | 4507 ||| FLEEEEING.
  4508 | D:5      | 4508 ||| FLEEEEING.
  4509 | D:5      | 4509 ||| FLEEEEING.
  4510 | D:5      | 4510 ||| FLEEEEING.
  4511 | D:5      | 4511 ||| FLEEEEING.
  4512 | D:5      | 4512 ||| FLEEEEING.
  4514 | D:5      | 4514 ||| FLEEEEING.
  4515 | D:5      | 4515 ||| FLEEEEING.
  4516 | D:5      | 4516 ||| FLEEEEING.
  4518 | D:5      | 4518 ||| STAIRDANCE
  4602 | D:4      | 4602 ||| UPGRADING to +2 cloak.
  4607 | D:4      | 4607 ||| READING scroll labelled CEFIOB BIEVETT.
  4608 | D:4      | 4608 ||| READING 2 scrolls of identify.
  4608 | D:4      | 4608 ||| IDENTIFYING inky potion
  4611 | D:5      | 4611 ||| INVOKING Heroism.
  4614 | D:5      | 4614 ||| STAIRDANCE
  4744 | D:5      | 4744 ||| FLEEEEING.
  4745 | D:5      | 4745 ||| FLEEEEING.
  4746 | D:5      | 4746 ||| FLEEEEING.
  4751 | D:5      | 4751 ||| FLEEEEING.
  4752 | D:5      | 4752 ||| FLEEEEING.
  4753 | D:5      | 4753 ||| FLEEEEING.
  4754 | D:5      | 4754 ||| FLEEEEING.
  4755 | D:5      | 4755 ||| FLEEEEING.
  4756 | D:5      | 4756 ||| FLEEEEING.
  4757 | D:5      | 4757 ||| FLEEEEING.
  4758 | D:5      | 4758 ||| FLEEEEING.
  4759 | D:5      | 4759 ||| FLEEEEING.
  4760 | D:5      | 4760 ||| FLEEEEING.
  4761 | D:5      | 4761 ||| FLEEEEING.
  4828 | D:5      | Found a bloodstained altar of Trog.
  4842 | D:5      | 4842 ||| DRINKING 2 potions of curing.
  4842 | D:5      | 4842 ||| (to cure confusion)
  4951 | D:6      | 4951 ||| PLANNING OSSUARY
  4997 | D:6      | 4997 ||| INVOKING Heroism.
  5009 | D:6      | Reached skill level 3 in Invocations
  5065 | D:6      | Noticed a manticore
  5066 | D:6      | 5066 ||| INVOKING Heroism.
  5076 | D:6      | Killed a manticore
  5077 | D:6      | Reached skill level 9 in Ranged Weapons
  5249 | D:6      | 5249 ||| INVOKING Heroism.
  5255 | D:6      | Reached XP level 9. HP: 45/54 MP: 9/12
  5300 | D:6      | Found a sand-covered staircase.
  5301 | D:6      | 5301 ||| UPGRADING to +6 ring of strength.
  5303 | D:6      | 5303 ||| READING scroll labelled GOYQIT DOJESO.
  5304 | D:6      | 5304 ||| READING 2 scrolls of identify.
  5304 | D:6      | 5304 ||| IDENTIFYING blue potion
  5319 | Ossuary  | Entered an ossuary
  5371 | Ossuary  | Reached skill level 6 in Fighting
  5377 | Ossuary  | 5377 ||| INVOKING Heroism.
  5739 | Ossuary  | Reached skill level 10 in Ranged Weapons
  5810 | Ossuary  | 5810 ||| DRINKING 2 fizzy coppery potions.
  5811 | Ossuary  | 5811 ||| READING 2 scrolls of identify.
  5811 | Ossuary  | 5811 ||| IDENTIFYING silvery potion
  5812 | Ossuary  | 5812 ||| DROPPING potion of berserk rage.
  5813 | Ossuary  | 5813 ||| DROPPING potion of brilliance.
  5824 | D:6      | 5824 ||| PLANNING D:1-11
  6083 | D:6      | Reached skill level 3 in Dodging
  6496 | D:7      | 6496 ||| INVOKING Heroism.
  6497 | D:7      | 6497 ||| Stepping ~*~*~tactically~*~*~ (outnumbered).
  6512 | D:7      | 6512 ||| INVOKING Heroism.
  6762 | D:7      | 6762 ||| Stepping ~*~*~tactically~*~*~ (outnumbered).
  6764 | D:7      | 6764 ||| Stepping ~*~*~tactically~*~*~ (outnumbered).
  6776 | D:7      | 6776 ||| DRINKING 2 potions of curing.
  6776 | D:7      | 6776 ||| (to cure confusion)
  6781 | D:7      | 6781 ||| INVOKING Heroism.
  6794 | D:7      | HP: 13/56 [something (3)]
  7056 | D:7      | 7056 ||| INVOKING Heroism.
  7238 | D:7      | 7238 ||| INVOKING Heroism.
  7336 | D:7      | 7336 ||| READING 2 scrolls of identify.
  7336 | D:7      | 7336 ||| IDENTIFYING fizzy golden potion
  7337 | D:7      | 7337 ||| DROPPING potion of invisibility.
  7376 | D:8      | Noticed a polar bear
  7377 | D:8      | 7377 ||| INVOKING Heroism.
  7398 | D:8      | 7398 ||| INVOKING Heroism.
  7410 | D:8      | HP: 9/57 [polar bear (19)]
  7411 | D:8      | 7411 ||| READING 2 scrolls of teleportation.
  7412 | D:8      | 7412 ||| DRINKING potion of heal wounds.
  7440 | D:8      | 7440 ||| FLEEEEING.
  7441 | D:8      | 7441 ||| FLEEEEING.
  7442 | D:8      | 7442 ||| FLEEEEING.
  7449 | D:8      | 7449 ||| STAIRDANCE
  7537 | D:7      | 7537 ||| READING 2 scrolls of identify.
  7537 | D:7      | 7537 ||| IDENTIFYING murky white potion
  7542 | D:8      | Found a white marble altar of Elyvilon.
  7548 | D:8      | Reached skill level 11 in Ranged Weapons
  7565 | D:8      | Reached skill level 3 in Armour
  7723 | D:8      | Noticed a polar bear
  7724 | D:8      | 7724 ||| INVOKING Heroism.
  7724 | D:8      | Noticed Psyche
  7733 | D:8      | Killed a polar bear
  7734 | D:8      | Reached XP level 10. HP: 64/64 MP: 11/13
  7741 | D:8      | Killed Psyche
  7770 | D:8      | 7770 ||| INVOKING Heroism.
  7883 | D:8      | 7883 ||| INVOKING Heroism.
  8098 | D:8      | 8098 ||| UPGRADING to +2 robe of fire resistance.
  8108 | D:8      | 8108 ||| DROPPING +0 ring mail.
  8109 | D:8      | 8109 ||| READING scroll labelled AGUNORA FUHEP.
  8151 | D:8      | 8151 ||| READING 2 scrolls of identify.
  8151 | D:8      | 8151 ||| IDENTIFYING brown potion
  8152 | D:8      | 8152 ||| DROPPING potion of ambrosia.
  8205 | D:9      | Reached skill level 12 in Ranged Weapons
  8249 | D:9      | 8249 ||| INVOKING Heroism.
  8308 | D:9      | 8308 ||| INVOKING Heroism.
  8321 | D:9      | HP: 13/64 [killer bee (6)]
  8322 | D:9      | 8322 ||| READING scroll of teleportation.
  8524 | D:9      | 8524 ||| INVOKING Heroism.
  8621 | D:9      | Noticed a cyclops
  8622 | D:9      | 8622 ||| INVOKING Heroism.
  8629 | D:9      | Killed a cyclops
  8747 | D:9      | Found a staircase to the Orcish Mines.
  8754 | D:9      | 8754 ||| INVOKING Heroism.
  8799 | D:9      | Found an ornate altar of the Wu Jian Council.
  8919 | D:9      | Reached ** piety under Okawaru
  8925 | D:9      | 8925 ||| INVOKING Heroism.
  9173 | D:9      | 9173 ||| INVOKING Heroism.
  9174 | D:9      | 9174 ||| Stepping ~*~*~tactically~*~*~ (outnumbered).
  9259 | D:9      | Reached skill level 13 in Ranged Weapons
  9531 | D:9      | Noticed a two-headed ogre
  9532 | D:9      | 9532 ||| INVOKING Heroism.
  9551 | D:9      | Killed a two-headed ogre
  9552 | D:9      | Reached skill level 9 in Fighting
  9552 | D:9      | Reached XP level 11. HP: 47/71 MP: 12/14
  9747 | D:10     | Entered Level 10 of the Dungeon
  9800 | D:10     | 9800 ||| INVOKING Heroism.
  9833 | D:10     | 9833 ||| INVOKING Heroism.
 10076 | D:10     | 10076 ||| INVOKING Heroism.
 10233 | D:10     | Noticed a cyclops
 10234 | D:10     | 10234 ||| INVOKING Heroism.
 10239 | D:10     | Killed a cyclops
 10261 | D:10     | Found a sacrificial altar of Ru.
 10265 | D:10     | Found a stormy altar of Qazlal.
 10300 | D:10     | 10300 ||| INVOKING Heroism.
 10309 | D:10     | Reached skill level 14 in Ranged Weapons
 10329 | D:10     | 10329 ||| INVOKING Heroism.
 10408 | D:10     | 10408 ||| INVOKING Heroism.
 10540 | D:10     | Found Ylus's Fire Supplies.
 10546 | D:10     | 10546 ||| BUYING +2 ring mail of fire resistance (231
                  | gold).
 10546 | D:10     | Bought a +2 ring mail of fire resistance for 231 gold
                  | pieces
 10546 | D:10     | 10546 ||| BUYING ring of protection from fire (275 gold).
 10546 | D:10     | Bought a ring of protection from fire for 275 gold pieces
 10567 | D:10     | 10567 ||| INVOKING Heroism.
 10735 | D:10     | Noticed a cyclops
 10736 | D:10     | 10736 ||| INVOKING Heroism.
 10741 | D:10     | Killed a cyclops
 10855 | D:10     | 10855 ||| INVOKING Heroism.
 10856 | D:10     | HP: 17/72 [yak (13)]
 10857 | D:10     | 10857 ||| READING 4 scrolls of teleportation.
 10857 | D:10     | HP: 6/72 [yak (11)]
 10858 | D:10     | 10858 ||| DRINKING 2 potions of heal wounds.
 11000 | D:10     | 11000 ||| INVOKING Heroism.
 11145 | D:10     | Found a faded altar of an unknown god.
 11145 | D:10     | Found a hide-covered altar of Uskayaw.
 11153 | D:10     | Found a sparkling altar of Nemelex Xobeh.
 11155 | D:10     | Found a faded altar of an unknown god.
 11157 | D:10     | Found a shadowy altar of Dithmenos.
 11469 | D:10     | 11469 ||| UPGRADING to +0 troll leather armour.
 11479 | D:10     | 11479 ||| DROPPING +2 robe of fire resistance.
 11480 | D:10     | 11480 ||| UPGRADING to ring of protection from fire.
 11520 | D:11     | 11520 ||| INVOKING Heroism.
 11570 | D:11     | 11570 ||| INVOKING Heroism.
 11644 | D:11     | 11644 ||| INVOKING Heroism.
 11819 | D:11     | Found a staircase to the Lair.
 11946 | D:11     | 11946 ||| INVOKING Heroism.
 12006 | D:11     | Noticed a manticore
 12007 | D:11     | 12007 ||| INVOKING Heroism.
 12022 | D:11     | Killed a manticore
 12023 | D:11     | Reached skill level 15 in Ranged Weapons
 12023 | D:11     | Reached XP level 12. HP: 57/77 MP: 13/15
 12059 | D:11     | 12059 ||| INVOKING Heroism.
 12289 | D:11     | Noticed a two-headed ogre
 12300 | D:11     | Killed a two-headed ogre
 12620 | D:11     | 12620 ||| PLANNING LAIR
 12672 | Lair:1   | Entered Level 1 of the Lair of Beasts
 12830 | Lair:1   | 12830 ||| INVOKING Heroism.
 12950 | Lair:1   | Reached *** piety under Okawaru
 12951 | Lair:1   | Reached skill level 16 in Ranged Weapons
 12956 | Lair:1   | Noticed Amaemon
 12957 | Lair:1   | 12957 ||| INVOKING Heroism.
 12984 | Lair:1   | Killed Amaemon
 13017 | Lair:1   | 13017 ||| INVOKING Heroism.
 13225 | Lair:1   | Received a gift from Okawaru
 13227 | Lair:1   | 13227 ||| INVOKING Heroism.
 13306 | Lair:1   | 13306 ||| INVOKING Heroism.
 13366 | Lair:1   | 13366 ||| INVOKING Heroism.
 13677 | Lair:1   | 13677 ||| DRINKING 2 glowing sapphire potions.
 13717 | Lair:2   | Found a transporter.
 13721 | Lair:2   | Found a transporter.
 13726 | Lair:2   | Noticed a catoblepas
 13731 | Lair:2   | 13731 ||| INVOKING Heroism.
 13752 | Lair:2   | 13752 ||| INVOKING Heroism.
 13755 | Lair:2   | Killed a catoblepas
 13761 | Lair:2   | Reached skill level 6 in Dodging
 13812 | Lair:2   | Noticed a six-headed hydra
 13813 | Lair:2   | 13813 ||| INVOKING Heroism.
 13821 | Lair:2   | Killed a six-headed hydra
 13850 | Lair:2   | 13850 ||| INVOKING Heroism.
 13857 | Lair:2   | HP: 9/80 [hell rat (13)]
 13858 | Lair:2   | 13858 ||| READING 4 scrolls of teleportation.
 13858 | Lair:2   | Slain by a hell rat

Levels and vault maps discovered:
D:1:      wander_arrival_fairy_ring, layout_basic, serial_corexii_hall,
          corexii_hall_statues_i, corexii_hall_statues_x
D:2:      layout_loops_ring, ebering_ecumenical_altar_box, minmay_circled_x,
          uniq_jessica
D:3:      layout_loops_cross, uniq_ijyb
D:4:      layout_basic, temple_green, serial_bayou_pond_d,
          minmay_strange_pillars
D:5:      layout_basic, trog_ov_bears_minmay, uniq_grinder
D:6:      layout_cave_pods, enter_ossuary_4
D:7:      layout_gridville
D:8:      layout_rooms, elyvilon_altar_5, serial_ice, serial_ice_a,
          serial_ice_g, serial_ice_i, serial_ice_m, uniq_psyche
D:9:      layout_basic, overflow_temple_1_default
D:10:     layout_stronghold, chequers_temple_overflow_minitemple,
          grunt_temple_overflow_open, nicolae_shop_fire_sale
          [nicolae_sub_dead_trees], st_stairs_1, minmay_quadrilaterals
D:11:     layout_layer_cave, david_lair_generic
Temple:   dpeg_chambers_temple
Lair:1:   layout_cellular_growth, uniq_amaemon
Lair:2:   gammafunk_boulding_lane, layout_regular_city,
          nicolae_volcano_entry_two_sided, grunt_megastairs_3,
          serial_bayou_shore_b

Skill      XL: |  1  2  3  4  5  6  7  8  9 10 11 12 |
---------------+-------------------------------------+-----
Ranged Weapons | 5 6 7 8 9 11 13 15 16 | 16.0
Fighting       | 3 4 5 8 9 10 11 | 11.5
Armour         | 1 2 3 4 |  4.0
Invocations    | 1 4 |  4.6
Dodging        | 2 3 4 5 6 |  6.0
Stealth        | |  1.1

Action                     |  1- 3 |  4- 6 |  7- 9 | 10-12 || total
---------------------------+-------+-------+-------+-------++-------
   Fire: Shortbow          |    90 |   195 |       |       ||   285
         Orcbow            |       |    71 |   559 |   887 ||  1517
 Invoke: Heroism           |       |       |    16 |    37 ||    53
    Use: Scroll            |     2 |    10 |     8 |     5 ||    25
         Potion            |       |     1 |     4 |     2 ||     7
 Armour: Leather armour    |    19 |    20 |       |       ||    39
         Ring mail         |       |    91 |   224 |    11 ||   326
         Robe              |       |       |       |   110 ||   110
         Troll leather arm |       |       |       |    97 ||    97
  Dodge: Dodged            |    34 |   140 |   284 |   454 ||   912

Table legend:
 A = Non-vault XP
 B = Vault XP
 C = Vault XP percentage of total XP
 D = Non-vault monster count
 E = Vault monster count
 F = Vault count percentage of total count
                 A         B        C        D         E       F
            +---------+---------+-------+---------+---------+-------
      Total |   21551 |    7340 |  25.4 |     250 |      81 |  24.5
            +---------+---------+-------+---------+---------+-------
        D:1 |      41 |      37 |  47.4 |      23 |       1 |   4.2
        D:2 |      60 |       6 |   9.1 |      23 |       4 |  14.8
        D:3 |      69 |      36 |  34.3 |      17 |       1 |   5.6
        D:4 |     284 |     277 |  49.4 |      21 |       1 |   4.5
        D:5 |     571 |     259 |  31.2 |      23 |       2 |   8.0
        D:6 |     902 |       2 |   0.2 |      13 |       2 |  13.3
        D:7 |     546 |       0 |   0.0 |      17 |       0 |   0.0
        D:8 |     541 |    1848 |  77.4 |      15 |      13 |  46.4
        D:9 |    3397 |       0 |   0.0 |      32 |       0 |   0.0
       D:10 |    3540 |    1984 |  35.9 |      20 |       8 |  28.6
       D:11 |    4051 |     919 |  18.5 |      16 |       4 |  20.0
     Lair:1 |    5169 |    1191 |  18.7 |      24 |       2 |   7.7
     Lair:2 |    2380 |     100 |   4.0 |       6 |       3 |  33.3
    Ossuary |       0 |     681 | 100.0 |       0 |      40 | 100.0
            +---------+---------+-------+---------+---------+-------
